 Dungeon Crawl Stone Soup version 0.15.0-12-gccce430 (webtiles) character file.

484 DrPain the Basher (level 6, -7/51 HPs)
             Began as a Minotaur Berserker on Sept 2, 2014.
             Was a Priest of Trog.
             Splashed by a jelly's acid (10 damage)
             ... on Level 5 of the Dungeon.
             The game lasted 00:11:48 (3691 turns).

DrPain the Basher (Minotaur Berserker)              Turns: 3691, Time: 00:11:51

HP  -7/51        AC 10     Str 21      XL: 6   Next: 88%
MP   3/3         EV  7     Int  4      God: Trog [***...]
Gold 278         SH  0     Dex 12      Spells:  0 memorised,  5 levels left

rFire  . . .     SeeInvis +     u - +0 flail
rCold  . . .     Clarity  .     v - +0 chain mail
rNeg   . . .     rCorr    .     (no shield)
rPois  .         rRot     .     b - +2 hat {SInv}
rElec  .         Spirit   .     (no cloak)
SustAb .         Warding  .     (no gloves)
rMut   .         Stasis   .     (no boots)
Gourm  .                        (no amulet)
MR     .....                    (no ring)
                                s - ring of teleport control

@: lethally poisoned, about to teleport, not resistant to hostile enchantments,
extremely unstealthy
A: retaliatory headbutt, horns 2
a: Burn Spellbooks, Berserk, Trog's Hand, Renounce Religion, Evoke Teleport
Control


You were on level 5 of the Dungeon.
You worshipped Trog.
Trog was most pleased with you.
You were hungry.

You visited 1 branch of the dungeon, and saw 5 of its levels.

You collected 278 gold pieces.

Inventory:

Hand weapons
 k - a +0 whip
 u - a +0 flail (weapon)
Armour
 b - a +2 hat of see invisible (worn)
 v - a +0 chain mail (worn)
Magical devices
 a - a wand of frost (1) {unknown}
 e - a wand of teleportation (4)
Comestibles
 c - 3 bread rations
 l - 3 meat rations
 o - a slice of pizza
 z - 3 chunks of worker ant flesh
Scrolls
 i - 5 scrolls of identify
 n - a scroll of noise {unknown}
 t - a scroll of teleportation
Jewellery
 f - an uncursed ring of ice
 s - a ring of teleport control (left hand)
Potions
 d - a potion of haste {unknown}
 g - a potion of cancellation {unknown}
 h - 4 potions of curing {unknown}
 j - a potion of agility {unknown}
 m - 2 potions of invisibility {unknown}
 p - a potion of beneficial mutation {unknown}
 q - a potion of heal wounds {unknown}
 r - a potion of restore abilities {unknown}
 w - a potion of resistance {unknown}
 x - a potion of degeneration {unknown}
 A - a potion of magic {unknown}


   Skills:
 - Level 3.6 Fighting
 + Level 9.4 Maces & Flails
 - Level 2.4 Armour
 - Level 2.1 Dodging


You had 5 spell levels left.
You didn't know any spells.

Dungeon Overview and Level Annotations

Branches:
Dungeon (5/15)
 Temple: D:4-7

Altars:
Dithmenos
Makhleb
Qazlal
Sif Muna
Yredelemnul


Innate Abilities, Weirdness & Mutations

You reflexively headbutt those who attack you in melee.
You have a pair of horns on your head.


Message History

* * * LOW HITPOINT WARNING * * *
An orc comes into view. It is wielding a club.
* * * LOW HITPOINT WARNING * * *
You feel sick.
The orc wizard gestures wildly while chanting.
The orc wizard seems to speed up.
* * * LOW HITPOINT WARNING * * *
You feel sick.
The orc wizard casts a spell.
The orc wizard blinks!
The jelly barely misses you. You furiously retaliate!
You headbutt the jelly!
Items here: % ( )) [ a dagger; a robe; an uncursed blowgun; 8 poisoned needles; a kobold corpse
As you read the scroll of teleportation, it crumbles to dust.
You feel strangely unstable.
* * * LOW HITPOINT WARNING * * *
You feel sick. The jelly hits you.
* * * LOW HITPOINT WARNING * * *
You are splashed with acid!
The acid burns!
You die...

# ..o .... .....
#####..o....
#.J....o....
###@########## #...#
#.(.# #.. ...####...#
#..... ........(|+
+..... ...####.(.#
#.(..#
#(..##########....#
#...+.............#
######...#.............#


You could see a jelly, an orc wizard and an orc.

Vanquished Creatures
  A scorpion (D:5)
  An orc priest (D:4)
  5 orc wizards
  A hound (D:5)
  2 worker ants (D:4)
  Terence (D:3)
  4 gnolls (D:2)
  5 adders
  6 worms
  4 orcs
  6 bats
  5 giant cockroaches
  6 goblins
  7 hobgoblins
  A quokka (D:3)
  A giant gecko (D:1)
  6 giant newts
  5 jackals (D:2)
  9 kobolds
  A kobold skeleton (D:5)
  8 rats
  A bush (D:3)
86 creatures vanquished.

Notes
Turn   | Place    | Note
--------------------------------------------------------------
     0 | D:1      | DrPain, the Minotaur Berserker, began the quest for the Orb.
     0 | D:1      | Reached XP level 1. HP: 19/19 MP: 1/1
    76 | D:1      | Reached skill level 4 in Maces & Flails
    95 | D:1      | Reached XP level 2. HP: 24/26 MP: 1/1
   496 | D:2      | Reached skill level 5 in Maces & Flails
   496 | D:2      | Reached XP level 3. HP: 26/31 MP: 2/2
   500 | D:2      | Acquired Trog's second power
   502 | D:2      | HP: 2/46 [gnoll/spear (2)]
   977 | D:2      | Reached XP level 4. HP: 39/39 MP: 2/2
   997 | D:2      | Reached skill level 6 in Maces & Flails
  1027 | D:2      | Found a stormy altar of Qazlal.
  1969 | D:3      | Reached XP level 5. HP: 45/45 MP: 2/2
  2013 | D:3      | Found a shadowy altar of Dithmenos.
  2103 | D:3      | Found a burning altar of Makhleb.
  2109 | D:3      | Found a basalt altar of Yredelemnul.
  2114 | D:3      | Found a shadowy altar of Dithmenos.
  2201 | D:3      | Reached skill level 7 in Maces & Flails
  2375 | D:3      | Noticed Terence
  2385 | D:3      | Killed Terence
  2553 | D:3      | Found a deep blue altar of Sif Muna.
  3069 | D:4      | Reached skill level 8 in Maces & Flails
  3267 | D:4      | Reached XP level 6. HP: 51/51 MP: 3/3
  3621 | D:5      | Entered Level 5 of the Dungeon
  3647 | D:5      | Reached skill level 9 in Maces & Flails
  3691 | D:5      | Splashed by a jelly's acid

Action                   |  1- 3 |  4- 6 || total
-------------------------+-------+-------++-------
Melee: Mace              |    44 |    25 ||    69
       Whip              |       |   173 ||   173
       Flail             |       |    76 ||    76
Invok: Berserk           |     1 |     3 ||     4
  Use: Scroll            |       |     8 ||     8
  Eat: Chunk             |       |     8 ||     8
       Bread ration      |       |     1 ||     1
